 Dungeon Crawl Stone Soup version 0.24-a0-235-g3f03afcf10 (webtiles) character file.

Game seed: 6859622755137756767

17 Redear the Shield-Bearer (level 2, 0/16 HPs)
             Began as a Vine Stalker Fighter on Apr 5, 2019.
             Slain by a gnoll
             ... wielding a +0 whip
              (2 damage)
             ... on level 1 of the Dungeon.
             The game lasted 00:01:28 (815 turns).

Redear the Shield-Bearer (Vine Stalker Fighter)      Turns: 815, Time: 00:01:28

Health: 0/16       AC:  6    Str: 18    XL:     2   Next: 62%
Magic:  0/3        EV:  9    Int:  8    God:
Gold:   22         SH:  0    Dex: 13    Spells: 1/1 levels left

rFire    . . .     SeeInvis .   a - +0 long sword
rCold    . . .     Gourm    .   (no shield)
rNeg     . . .     Faith    .   b - +0 scale mail
rPois    .         Spirit   +   (no helmet)
rElec    .         Reflect  .   (no cloak)
rCorr    .         Harm     .   (no gloves)
MR       .....                  (no boots)
Stlth    ..........             (no amulet)
HPRegen  0.05/turn              (no ring)
MPRegen  0.08/turn              (no ring)

@: no status effects
A: fangs 2, magic shield, antimagic bite, no potion heal 3, rot immunity
a: no special abilities


You were on level 1 of the Dungeon.
You were not hungry.

You visited 1 branch of the dungeon, and saw 2 of its levels.

You collected 22 gold pieces.

Inventory:

Hand Weapons
 a - a +0 long sword (weapon)
Armour
 b - a +0 scale mail (worn)
 c - a +0 shield
Scrolls
 i - 2 scrolls of remove curse {unknown}
Potions
 d - a potion of might {Str+5 DMG+1d10 | @q3}
 e - a potion of cancellation {unknown}
 f - a potion of resistance {unknown}
 g - a potion of lignification {unknown}
 h - 2 potions of curing {unknown}
Comestibles
 z - a ration


   Skills:
 + Level 2.8 Fighting
 + Level 2.0 Long Blades
 + Level 2.5 Armour
 + Level 1.1 Stealth
 + Level 2.8 Shields


You had one spell level left.
You didn't know any spells.
Your spell library was empty.

Dungeon Overview and Level Annotations

Branches:
Dungeon (2/15)

Altars:


Innate Abilities, Weirdness & Mutations

You have extremely sharp teeth.
When hurt, damage is shared between your health and your magic reserves.
Your bite disrupts and absorbs the magic of your enemies.
Potions cannot restore your health.
You are immune to rotting.


Message History

You hit the giant cockroach but do no damage.
You bite the giant cockroach, but do no damage.
The giant cockroach barely misses you.
You riposte.
You slash the giant cockroach!
You kill the giant cockroach!
No target in view!
No target in view!
You climb downwards.
The gnoll hits you with a +0 whip. The gnoll barely misses you.
The gnoll hits you with a +0 whip!
There is a stone staircase leading up, spattered with blood here.
You take 9 damage, and have 7/16 hp.
MASSIVE DAMAGE!!
You now have 2/3 mp.
The gnoll barely misses you. The gnoll closely misses you.
The gnoll hits you but does no damage. x2
You climb upwards.
There is a stone staircase leading down here.
The gnoll hits you with a +0 whip!
* * * LOW HITPOINT WARNING * * *
You take 6 damage, and have 2/16 hp.
MASSIVE DAMAGE!!
You now have 0/3 mp.
The gnoll hits you with a +0 whip.
You die...

#................
#................
#######.......#########
#............).#.......
#..............#.#.####
#..............#.##.#..
#.....gg.......#.#.#.##
######.g......##.#.#.#.
#@#####.###.#.#.#. #.#
#.'.+.#.#.'.
##.#########.#.#.#.
#......# #.#.#.#.
#......## #.#.#.##
#######.......# #.##(#..
#......[......# #.#.####
#..........##.# #.......
#..........##.###########


You could see 3 gnolls.

Vanquished Creatures
  A dart slug (D:1)
  4 bats (D:1)
  A giant cockroach (D:1)
  3 goblins (D:1)
  A hobgoblin (D:1)
  A kobold (D:1)
  3 rats (D:1)
14 creatures vanquished.

Notes
Turn   | Place    | Note
-------+----------+-------------------------------------------
     0 | D:1      | Redear the Vine Stalker Fighter began the quest for the
                  | Orb.
     0 | D:1      | Reached XP level 1. HP: 11/11 MP: 2/2
   375 | D:1      | Reached XP level 2. HP: 12/16 MP: 3/3
   382 | D:1      | Reached skill level 2 in Long Blades
   494 | D:1      | Reached skill level 1 in Stealth
   815 | D:1      | Slain by a gnoll

Levels and vault maps discovered:
D:1:      matt_arrival_los_fun, layout_basic, minivault_25,
          minmay_misc_feat_secret_circle, chequers_serial_rivers_micro_b
D:2:      layout_basic

Skill      XL: |  1  2 |
---------------+-------+-----
Long Blades    | 2 |  2.0
Stealth        | 1 |  1.1
Fighting       | |  2.8
Armour         | |  2.5
Shields        | |  2.8

Action                   || total
-------------------------++-------
Melee: Long sword        ||    24
       Bite              ||     8
Armor: Scale mail        ||    14
Dodge: Dodged            ||    24
       Rpst.: Long sword ||     6

Table legend:
 A = Non-vault XP
 B = Vault XP
 C = Vault XP percentage of total XP
 D = Non-vault monster count
 E = Vault monster count
 F = Vault count percentage of total count
                 A         B        C        D         E       F
            +---------+---------+-------+---------+---------+-------
      Total |      25 |       0 |   0.0 |      14 |       0 |   0.0
            +---------+---------+-------+---------+---------+-------
        D:1 |      25 |       0 |   0.0 |      14 |       0 |   0.0
            +---------+---------+-------+---------+---------+-------
